AoeStats
← AiM | CanvaL

Arena

510076360Analyzed
4v4 RM · 2d ago on Sep 29, 2026· 46m 54s· 8 players
Game mode
Random Map
Map size
Large (8 player)
Population
200
Speed
Normal
Resources
Standard
Victory
Conquest
Starting age
Dark Age
Ending age
Imperial Age
RankedLock teamsTeams togetherTeam positionsShared explorationLock speedFull tech treeHidden civsTurbo modeCheats
Victory
Defeat
🇭🇰 Vikings · Hong Kong SAR China
1314
+13
🇭🇰 Britons · Hong Kong SAR China
1286
+14
🇺🇸 Gurjaras · United States
1164
+19
🇨🇴 Magyars · Colombia
1153
+20
🇹🇷 Celts · Türkiye
1295
-18
🇨🇱 Vietnamese · Chile
1242
-17
🇦🇺 Muisca · Australia
1217
-16
🇨🇦 Persians · Canada
1194
-15
AiM | CanvaL
5:02 Loom
10:41 Feudal Age
11:34 Town Watch
15:18 Castle Age
13:56 Double-Bit Axe
14:14 Horse Collar
14:39 Loom
22:06 Gold Mining
22:28 Fletching
26:15 Bodkin Arrow
35:54 Imperial Age
33:31 Crossbowman
35:18 Bow Saw
35:19 Stone Mining
36:44 Padded Archer Armor
38:05 Bracer
38:30 Ballistics
38:49 Arbalester
39:46 Leather Archer Armor
40:15 Thumb Ring
42:43 Chemistry
mark4u.24
10:25 Feudal Age
14:35 Castle Age
13:00 Double-Bit Axe
15:54 Bow Saw
17:35 Loom
17:57 Town Watch
21:34 Wheelbarrow
21:36 Horse Collar
24:06 Hand Cart
26:41 Gold Mining
26:44 Stone Mining
27:00 Heavy Plow
30:01 Imperial Age
28:02 Bloodlines
27:53 Husbandry
29:08 Scale Mail Armor
29:19 Forging
28:32 Pikeman
29:13 Squires
30:12 Chain Mail Armor
29:40 Cavalier
30:49 Conscription
31:37 Scale Barding Armor
31:58 Halberdier
33:52 Plate Mail Armor
33:58 Iron Casting
33:40 Savar
35:03 Citadels
35:32 Hoardings
36:02 Chemistry
35:23 Ballistics
35:15 Masonry
36:54 Chain Barding Armor
37:35 Blast Furnace
38:31 Plate Barding Armor
38:04 Light Cavalry
39:13 Hussar
HasNicktir
9:47 Feudal Age
13:48 Castle Age
12:46 Double-Bit Axe
14:02 Horse Collar
20:16 Wheelbarrow
20:59 Bow Saw
21:08 Heavy Plow
21:43 Gold Mining
24:17 Forging
24:56 Hand Cart
24:30 Town Watch
30:37 Imperial Age
30:29 Loom
30:45 Town Patrol
31:58 Gold Shaft Mining
31:13 Stone Mining
32:06 Ballistics
32:47 Chemistry
32:10 Pikeman
32:40 Heavy Scorpion
32:52 Halberdier
34:11 Iron Casting
33:36 Scale Mail Armor
37:02 Conscription
36:56 Furor Celtica
36:53 Siege Engineers
38:00 Blast Furnace
37:15 Chain Mail Armor
ufokinw0tm8
10:15 Feudal Age
9:44 Loom
14:28 Castle Age
13:19 Double-Bit Axe
15:36 Bow Saw
15:09 Horse Collar
19:03 Champi Runner
28:34 Imperial Age
26:47 Wheelbarrow
26:20 Town Watch
26:43 Gold Mining
27:17 Heavy Plow
27:52 Elite Skirmisher
29:25 Gold Shaft Mining
29:38 Fletching
30:30 Squires
29:50 Champi Warrior
31:31 Padded Archer Armor
32:37 Ballistics
32:46 Bodkin Arrow
33:07 Leather Archer Armor
35:05 Chemistry
34:52 Thumb Ring
35:23 Imperial Skirmisher
jordham22
10:30 Feudal Age
14:05 Castle Age
12:00 Double-Bit Axe
15:17 Bow Saw
14:49 Horse Collar
19:31 Fervor
19:43 Sanctity
20:49 Heavy Plow
22:28 Wheelbarrow
21:40 Loom
23:33 Gold Mining
23:34 Stone Mining
27:32 Imperial Age
25:20 Hand Cart
25:54 Stone Shaft Mining
26:14 Gold Shaft Mining
27:37 Forging
27:32 Scale Barding Armor
28:02 Bloodlines
27:53 Husbandry
27:56 Heavy Camel Rider
29:59 Chemistry
28:41 Treadmill Crane
29:40 Crop Rotation
30:06 Iron Casting
29:51 Chain Barding Armor
32:04 Frontier Guards
34:47 Plate Barding Armor
36:48 Elite Chakram Thrower
39:49 Fletching
39:59 Padded Archer Armor
42:37 Bodkin Arrow
42:58 Leather Archer Armor
44:48 Ballistics
Elfelo
10:14 Feudal Age
15:31 Castle Age
13:47 Double-Bit Axe
16:50 Bow Saw
25:39 Wheelbarrow
24:51 Town Watch
24:51 Loom
28:18 Hand Cart
28:30 Thumb Ring
30:56 Horse Collar
32:16 Fletching
32:50 Padded Archer Armor
35:45 Imperial Age
33:17 Town Patrol
34:59 Bloodlines
34:49 Husbandry
35:59 Bodkin Arrow
36:19 Leather Archer Armor
36:18 Masonry
37:09 Conscription
37:25 Hoardings
37:19 Gold Mining
37:21 Stone Mining
37:00 Heavy Cavalry Archer
39:10 Bracer
39:41 Recurve Bow
39:43 Corvinian Army
40:45 Chemistry
40:20 Parthian Tactics
41:06 Ballistics
44:11 Heavy Plow
45:12 Two-Man Saw
44:44 Leather Archer Armor
44:03 Onager
46:07 Siege Engineers
46:09 Elite Magyar Huszar
47:37 Scale Barding Armor
48:03 Ring Archer Armor
FuNG
10:19 Feudal Age
14:46 Castle Age
13:12 Horse Collar
16:13 Double-Bit Axe
16:45 Fletching
24:31 Loom
24:56 Bodkin Arrow
27:16 Wheelbarrow
27:17 Bow Saw
29:40 Ballistics
33:51 Imperial Age
31:40 Heavy Plow
32:05 Padded Archer Armor
33:12 Leather Archer Armor
33:08 Crossbowman
37:07 Chemistry
35:49 Treadmill Crane
37:44 Bracer
39:58 Hand Cart
39:29 Town Watch
41:32 Two-Man Saw
40:57 Gold Mining
40:57 Stone Mining
40:34 Arbalester
46:30 Conscription
UnHappy
10:52 Feudal Age
12:07 Double-Bit Axe
14:39 Castle Age
13:18 Horse Collar
13:31 Gold Mining
15:30 Bow Saw
17:10 Loom
19:51 Scale Mail Armor
22:27 Chain Mail Armor
22:34 Squires
23:52 Forging
24:40 Stone Mining
32:30 Imperial Age
30:48 Gold Shaft Mining
30:45 Heavy Plow
33:22 Iron Casting
32:54 Treadmill Crane
34:09 Plate Mail Armor
34:57 Two-Man Saw
33:26 Capped Ram
35:09 Arson
37:11 Crop Rotation
37:15 Conscription
36:29 Siege Ram
38:53 Pikeman
40:52 Blast Furnace
40:12 Elite Varangian Guard
42:01 Coinage
41:42 Chieftains
45:13 Siege Engineers
Connection lost

Rejoining the realm…

Still unreachable

The connection could not be restored.

Session expired

The server has moved on; the page needs a fresh start.